 Dungeon Crawl Stone Soup version 0.30.1-11-g7821555f0a (webtiles) character file.

Game seed: 10157877942289936742

64692 Amplified the Thaumaturge (level 15, -4/115 HPs)
             Began as a Gnoll Summoner on Nov 9, 2023.
             Was an Elder of Okawaru.
             Slain by a white ugly thing (28 damage)
             ... on level 13 of the Dungeon.
             The game lasted 00:25:20 (16557 turns).

Amplified the Thaumaturge (Gnoll Summoner)         Turns: 16557, Time: 00:25:21

Health: -4/115     AC: 22    Str: 21    XL:     15   Next: 13%
Magic:  23/30      EV: 27    Int: 10    God:    Okawaru [****..]
Gold:   2011       SH:  5    Dex: 28    Spells: 29/36 levels left

rFire   . . .        t - +10 great mace of Iquej {freeze, rPois Dex+3 Stlth+}
rCold   . . .        (shield currently unavailable)
rNeg    . . .        d - +6 ring mail "Ipeosuok" {Str+3}
rPois   +            P - +2 hat "Zapeigug" {Int-5 Dex+9}
rElec   .            f - +0 cloak
rCorr   .            x - +1 pair of gloves
SInv    +            v - +0 pair of boots
Will    ++...        C - amulet of Eheck {Reflect Will+ Regen+ Str+4 Dex+3 SH+5}
Stlth   +++++++      e - ring of see invisible
HPRegen 1.19/turn    r - +4 ring of slaying
MPRegen 0.22/turn

%: reflection
@: heroic, finesse-ful
A: fangs 1, strong nose, distributed training
a: Renounce Religion, Heroism, Finesse


You were on level 13 of the Dungeon.
You worshipped Okawaru.
Okawaru was greatly pleased with you.
You visited 4 branches of the dungeon, and saw 21 of its levels.

You collected 2206 gold pieces.
You spent 195 gold pieces at shops.

Inventory:

Hand Weapons
 i - a +4 short sword of holy wrath
 n - a +3 whip
 t - the +10 great mace of Iquej (weapon) {freeze, rPois Dex+3 Stlth+}
   (You bought it in a shop on level 6 of the Dungeon)

   Dex:       It affects your dexterity (+3).
   rPois:     It protects you from poison.
   Stlth:     It makes you more stealthy.
Missiles
 q - 16 poisoned darts
 s - a throwing net
 E - 2 curare-tipped darts
Armour
 d - the +6 ring mail "Ipeosuok" (worn) {Str+3}
   (Okawaru gifted it to you on level 3 of the Lair of Beasts)

   Str:       It affects your strength (+3).
 f - a +0 cloak (worn)
 v - a +0 pair of boots (worn)
 x - a +1 pair of gloves (worn)
 H - +0 acid dragon scales
 I - a +2 helmet
 P - the +2 hat "Zapeigug" (worn) {Int-5 Dex+9}
   (Okawaru gifted it to you on level 5 of the Lair of Beasts)

   Int:       It affects your intelligence (-5).
   Dex:       It affects your dexterity (+9).
Jewellery
 e - a ring of see invisible (left hand)
 h - a ring of flight
 k - a ring of poison resistance
 r - a +4 ring of slaying (right hand)
 A - a ring of resist corrosion
 C - the amulet of Eheck (around neck) {Reflect Will+ Regen+ Str+4 Dex+3 SH+5}
   (You found it on level 3 of the Lair of Beasts)

   [amulet of reflection]

   It reflects blocked missile attacks.
   Str:       It affects your strength (+4).
   Dex:       It affects your dexterity (+3).
   Regen:     It increases your rate of health regeneration.
   SH:        It affects your SH (+5).
   Will:      It increases your willpower.
 J - an amulet of guardian spirit
 Q - a ring of positive energy
 R - the amulet "Sihy" {Reflect rC+ SH+5}
   (You found it on level 5 of the Lair of Beasts)

   [amulet of reflection]

   It reflects blocked missile attacks.
   rC:        It protects you from cold.
   SH:        It affects your SH (+5).
Wands
 g - a wand of polymorph (9)
 p - a wand of iceblast (13)
 w - a wand of flame (25)
 y - a wand of digging (2)
 N - a wand of mindburst (9)
Scrolls
 a - a scroll of amnesia
 j - 6 scrolls of teleportation
 o - 3 scrolls of poison
 u - 3 scrolls of enchant weapon
 B - a scroll of fog
 K - a scroll of fear
 L - a scroll of enchant armour
 O - a scroll of identify
Potions
 b - 2 potions of magic
 c - 3 potions of lignification
 l - 6 potions of mutation
 m - 5 potions of might
 D - 9 potions of curing
 F - 2 potions of heal wounds
 G - a potion of flight
 M - a potion of attraction


   Skills:
 + Level 10.2(15.2) Fighting
 + Level 10.2(15.2) Short Blades
 + Level 10.2(15.2) Long Blades
 + Level 10.2(15.2) Axes
 + Level 10.2(15.2) Maces & Flails
 + Level 10.2(15.2) Polearms
 + Level 10.2(15.2) Staves
 + Level 10.2(15.2) Ranged Weapons
 + Level 10.2(15.2) Throwing
 + Level 10.2(15.2) Armour
 + Level 11.2(16.2) Dodging
 + Level 11.0(16.0) Stealth
 + Level 10.2(15.2) Shields
 + Level 10.2(15.2) Unarmed Combat
 + Level 11.3 Spellcasting
 + Level 8.5 Conjurations
 + Level 8.5 Hexes
 + Level 11.1 Summonings
 + Level 8.5 Necromancy
 + Level 8.5 Translocations
 + Level 8.5 Transmutations
 + Level 8.5 Fire Magic
 + Level 8.5 Ice Magic
 + Level 8.5 Air Magic
 + Level 8.5 Earth Magic
 + Level 8.5 Poison Magic
 + Level 11.1 Invocations
 + Level 10.2 Evocations


You had 29 spell levels left.
You knew the following spells:

 Your Spells              Type           Power      Damage    Failure   Level
a - Manifold Assault      Tloc           22%        N/A       4%          4
c - Summon Guardian Gole  Hex/Summ       25%        N/A       1%          3

Your spell library contained the following spells:

 Spells                   Type           Power      Damage    Failure   Level
 Magic Dart               Conj           88%        1d7       1%          1
 Blink                    Tloc           44%        N/A       1%          2
 Cigotuvi's Dreadful Rot  Necr/Pois/Air  44%        N/A       1%          2
 Mephitic Cloud           Conj/Pois/Air  22%        N/A       1%          3
 Swiftness                Air            22%        N/A       1%          3
 Passage of Golubria      Tloc           22%        N/A       4%          4
 Petrify                  Tmut/Erth      22%        N/A       4%          4
 Borgnjor's Vile Clutch   Necr/Erth      11%        N/A       14%         5
 Freezing Cloud           Conj/Ice/Air   11%        6-21      14%         5
 Metabolic Englaciation   Hex/Ice        11%        N/A       14%         5
 Yara's Violent Unravell  Hex/Tmut       11%        3d6       14%         5
 Statue Form              Tmut/Erth      14%        N/A       61%         6
 Storm Form               Tmut/Air       11%        N/A       99%         7
 Summon Small Mammal      Summ           Unusable   N/A       N/A         1
 Call Imp                 Summ           Unusable   N/A       N/A         2
 Call Canine Familiar     Summ           Unusable   N/A       N/A         3
 Tukima's Dance           Hex            Unusable   N/A       N/A         3
 Summon Lightning Spire   Summ/Air       Unusable   N/A       N/A         4
 Animate Dead             Necr           Unusable   N/A       N/A         4
 Death Channel            Necr           Unusable   N/A       N/A         6

Dungeon Overview and Level Annotations

Branches:
Dungeon (13/15)            Temple (1/1) D:6            Lair (5/5) D:11
  Swamp (0/4) Lair:2       Spider (0/4) Lair:3        Slime (0/5) Lair:4
    Orc (2/2) D:10            Elf (0/3) Orc:2
 Vaults: D:13-14

Altars:
Ashenzari
Cheibriados
Dithmenos
Elyvilon
Fedhas
Gozag
Hepliaklqana
Kikubaaqudgha
Makhleb
Nemelex Xobeh
Okawaru
Qazlal
Ru
Sif Muna
Trog
Uskayaw
Vehumet
Wu Jian
Xom
Yredelemnul
Zin
The Shining One
Lugonu

Shops:
D:3 ?   D:6 :(

Portals:
Abyss: Lair:5

Annotations:
D:5 Dowan
D:8 Grum
D:9 1 runed translucent door, vvlvvlvvl's ghost, novice GrFi
Lair:3 3 runed translucent doors, Beranek's ghost, journeyman GrFi


Innate Abilities, Weirdness & Mutations

You have very sharp teeth.
Your uncanny sense of smell can sniff out nearby items.
Your experience applies equally to all skills.


Message History

The slime creature quivers.
You sock the slime creature! You freeze the slime creature!
The slime creature is moderately wounded.
The slime creature closely misses you.
You gain the combat prowess of a mighty hero.
Two slime creatures merge to form a large slime creature.
Unknown command.
You can now deal lightning-fast blows.
You can no longer enter into single combat with a foe.
Okawaru will no longer gift you equipment.
The large slime creature hits you!
Unknown command.
You beat the large slime creature like a drum!!!
You freeze the large slime creature! You bite the large slime creature.
The large slime creature is severely wounded.
Two slime creatures merge to form a very large slime creature.
You bludgeon the very large slime creature!!
You freeze the very large slime creature.
You bite the very large slime creature.
The very large slime creature is severely wounded.
Unknown command.
Unknown command.
You barely miss the very large slime creature.
The very large slime creature is severely wounded.
The very large slime creature hits you!!!
Unknown command.
You bludgeon the very large slime creature!!
You freeze the very large slime creature.
You bite the very large slime creature.
The very large slime creature is almost dead.
The white ugly thing pecks you! The white ugly thing freezes you!!
* * * LOW HITPOINT WARNING * * *
You are too injured to fight recklessly!
Unknown command.
Unknown command.
The white ugly thing attacks as you move away!
The white ugly thing pecks you.
* * * LOW HITPOINT WARNING * * *
The white ugly thing freezes you!!
You die...

....### ..#.
....... .....
....... ......
....... ......
....... ......
.......
.......##J.....#
........@u.....#
...............
.#............. .
##..........?..
..#..............
.................
........)........
.......<.........
....#####........


You could see a white ugly thing and a very large slime creature.

Vanquished Creatures
  A dire elephant (Lair:3)
  8 hydras
  A two-headed ogre (D:12)
  Urug (Orc:2)
  2 death yaks
  4 thrashing horrors (Lair:5)
  An orc high priest (Orc:2)
  Nergalle (Lair:1)
  3 skysharks
  2 skeletal warriors
  An orange crystal statue (D:12)
  A bog body (Lair:2)
  A large abomination (Lair:5)
  A deep elf pyromancer (D:12)
  An orc sorcerer (Orc:2)
  An ugly thing (D:12)
  A cyclops (Orc:2)
  A manticore (D:11)
  29 elephants
  7 black mambas
  Maurice (D:9)
  A smoke demon (Lair:5)
  8 cane toads
  A water nymph (shapeshifter) (Lair:5)
  2 kobold demonologists (D:11)
  5 torpor snails
  4 rime drakes
  An efreet (D:12)
  2 komodo dragons
  2 ancient zymes (Lair:5)
  A hornet (D:10)
  2 trolls
  4 polar bears
  2 dream sheep (D:11)
  30 blink frogs
  A spriggan (Lair:3)
  A culicivora (shapeshifter) (Lair:5)
  A vampire (D:12)
  A wyvern (Lair:5)
  3 wraiths
  2 ynoxinuls (Lair:5)
  62 yaks
  7 basilisks
  9 small abominations (Lair:5)
  Menkaure (D:7)
  5 steam dragons
  A warg (Orc:1)
  A chaos spawn (Lair:5)
  10 water moccasins
  An acid dragon (D:10)
  Duvessa (D:5)
  3 ice beasts
  15 orc warriors
  2 black bears
  An ogre (shapeshifter) (Lair:5)
  4 ogres
  7 wolves (Lair:2)
  8 centaurs
  A phantom (D:7)
  5 kobold brigands
  9 bullfrogs
  2 scorpions
  9 wights
  5 killer bees (D:8)
  A howler monkey (D:11)
  2 hounds (D:6)
  2 jellies
  9 orc priests
  A sleepcap (D:6)
  An iguana (D:6)
  16 orc wizards
  6 hell rats
  5 gnolls
  3 adders
  3 shadow imps
  An ufetubus (D:6)
  7 worms
  2 dart slugs
  47 orcs
  3 ball pythons (D:1)
  2 endoplasms
  4 giant cockroaches
  5 goblins
  4 hobgoblins
  4 jackals
  12 kobolds
  A quokka (D:2)
  5 bats
  A frilled lizard (D:1)
  7 rats
466 creatures vanquished.

Vanquished Creatures (collateral kills)
  An orc priest (D:3)
  An iguana (D:4)
  2 adders
  A dart slug (D:3)
  6 orcs
  2 ball pythons
  An endoplasm (D:2)
  3 hobgoblins
  2 jackals (D:3)
  A frilled lizard (D:2)
  A rat (D:1)
21 creatures vanquished.

Vanquished Creatures (others)
  A wyvern (D:7)
  2 orcs
  4 kobolds (D:9)
7 creatures vanquished.

Grand Total: 494 creatures vanquished

Notes
Turn   | Place    | Note
-------+----------+-------------------------------------------
     0 | D:1      | Amplified the Gnoll Summoner began the quest for the Orb.
     0 | D:1      | Reached XP level 1. HP: 13/13 MP: 6/6
   151 | D:1      | Reached XP level 2. HP: 19/19 MP: 7/7
   760 | D:2      | Reached skill level 5 in Spellcasting
   760 | D:2      | Reached XP level 3. HP: 25/25 MP: 7/9
   812 | D:2      | Reached skill level 1 in Invocations
   821 | D:2      | Learned a level 3 spell: Call Canine Familiar
   837 | D:2      | You fall into a shaft and drop 1 floor!
   903 | D:3      | Found Icon's Magic Scroll Shoppe.
   905 | D:3      | Found a faded altar of an unknown god.
   979 | D:3      | Reached skill level 1 in Fighting
   979 | D:3      | Reached skill level 1 in Short Blades
   979 | D:3      | Reached skill level 1 in Long Blades
   979 | D:3      | Reached skill level 1 in Axes
   979 | D:3      | Reached skill level 1 in Maces & Flails
   979 | D:3      | Reached skill level 1 in Polearms
   979 | D:3      | Reached skill level 1 in Staves
   979 | D:3      | Reached skill level 1 in Ranged Weapons
   979 | D:3      | Reached skill level 1 in Throwing
   979 | D:3      | Reached skill level 1 in Armour
   979 | D:3      | Reached skill level 1 in Shields
   979 | D:3      | Reached skill level 1 in Unarmed Combat
   979 | D:3      | Reached skill level 1 in Evocations
   979 | D:3      | Reached XP level 4. HP: 18/32 MP: 2/11
  1065 | D:3      | Reached skill level 1 in Conjurations
  1065 | D:3      | Reached skill level 1 in Hexes
  1065 | D:3      | Reached skill level 1 in Necromancy
  1065 | D:3      | Reached skill level 1 in Translocations
  1065 | D:3      | Reached skill level 1 in Transmutations
  1065 | D:3      | Reached skill level 1 in Fire Magic
  1065 | D:3      | Reached skill level 1 in Ice Magic
  1065 | D:3      | Reached skill level 1 in Air Magic
  1065 | D:3      | Reached skill level 1 in Earth Magic
  1065 | D:3      | Reached skill level 1 in Poison Magic
  1209 | D:3      | Found a white marble altar of Elyvilon.
  1481 | D:3      | Reached XP level 5. HP: 21/37 MP: 5/12
  1596 | D:3      | Learned a level 3 spell: Summon Guardian Golem
  2384 | D:5      | Entered Level 5 of the Dungeon
  2384 | D:5      | Noticed Duvessa
  2384 | D:5      | Noticed Dowan
  2426 | D:5      | Noticed a phantom
  3308 | D:5      | Killed Duvessa
  3309 | D:5      | Reached skill level 5 in Dodging
  3309 | D:5      | Reached XP level 6. HP: 7/44 MP: 10/14
  3443 | D:6      | Found Ungut's Antique Weapon Emporium.
  3448 | D:6      | Bought a warped great mace for 195 gold pieces
  3448 | D:6      | Identified the +10 great mace of Iquej {freeze, rPois Dex+3
                  | Stlth+} (You bought it in a shop on level 6 of the Dungeon)
  3516 | D:6      | Found Jobepn's Self-Improvement Boutique.
  3607 | D:6      | Found a staircase to the Ecumenical Temple.
  3611 | D:6      | Noticed an ice beast
  3617 | D:6      | Killed an ice beast
  3618 | D:6      | Reached XP level 7. HP: 41/51 MP: 12/15
  3619 | Temple   | Entered the Ecumenical Temple
  3835 | Temple   | Became a worshipper of Warmaster Okawaru
  3874 | D:6      | Identified the +6 shortbow of Invincibility {drain, MP+9}
  3893 | D:6      | Reached skill level 5 in Stealth
  4226 | D:6      | Reached * piety under Okawaru
  4227 | D:6      | Reached XP level 8. HP: 43/58 MP: 16/16
  4463 | D:7      | a steam dragon changed into a wyvern
  4463 | D:7      | Noticed a wyvern
  4466 | D:7      | Killed a wyvern
  4711 | D:7      | Reached ** piety under Okawaru
  4712 | D:7      | Reached XP level 9. HP: 55/65 MP: 18/18
  4959 | D:7      | Noticed Menkaure
  4969 | D:7      | Killed Menkaure
  5422 | D:8      | Learned a level 4 spell: Manifold Assault
  5806 | D:8      | Reached skill level 5 in Invocations
  6060 | D:9      | Noticed Maurice
  6239 | D:8      | Reached *** piety under Okawaru
  6251 | D:8      | Reached skill level 5 in Fighting
  6251 | D:8      | Reached skill level 5 in Short Blades
  6251 | D:8      | Reached skill level 5 in Long Blades
  6251 | D:8      | Reached skill level 5 in Axes
  6251 | D:8      | Reached skill level 5 in Maces & Flails
  6251 | D:8      | Reached skill level 5 in Polearms
  6251 | D:8      | Reached skill level 5 in Staves
  6251 | D:8      | Reached skill level 5 in Ranged Weapons
  6251 | D:8      | Reached skill level 5 in Throwing
  6251 | D:8      | Reached skill level 5 in Armour
  6251 | D:8      | Reached skill level 5 in Shields
  6251 | D:8      | Reached skill level 5 in Unarmed Combat
  6251 | D:8      | Reached skill level 5 in Evocations
  6251 | D:8      | Reached XP level 10. HP: 49/74 MP: 17/20
  6366 | D:8      | Noticed Grum
  6730 | D:9      | Found a snail-covered altar of Cheibriados.
  6753 | D:9      | Found an opulent altar of Gozag.
  6772 | D:9      | Found a runed translucent door.
  6772 | D:9      | Noticed a cyan ugly thing
  6784 | D:9      | Received a gift from Okawaru
  6823 | D:9      | Noticed vvlvvlvvl's ghost (novice GrFi)
  6943 | D:9      | Killed Maurice
  6988 | D:9      | Found a burning altar of Makhleb.
  7252 | D:10     | Entered Level 10 of the Dungeon
  7600 | D:10     | Found a staircase to the Orcish Mines.
  7623 | D:10     | Reached **** piety under Okawaru
  7899 | D:11     | Noticed a kobold demonologist
  7901 | D:11     | Noticed a manticore
  7903 | D:11     | Noticed a kobold demonologist
  7909 | D:11     | Killed a kobold demonologist
  7910 | D:11     | Killed a manticore
  7911 | D:11     | Reached skill level 5 in Conjurations
  7911 | D:11     | Reached skill level 5 in Hexes
  7911 | D:11     | Reached skill level 5 in Necromancy
  7911 | D:11     | Reached skill level 5 in Translocations
  7911 | D:11     | Reached skill level 5 in Transmutations
  7911 | D:11     | Reached skill level 5 in Fire Magic
  7911 | D:11     | Reached skill level 5 in Ice Magic
  7911 | D:11     | Reached skill level 5 in Air Magic
  7911 | D:11     | Reached skill level 5 in Earth Magic
  7911 | D:11     | Reached skill level 5 in Poison Magic
  7911 | D:11     | Reached XP level 11. HP: 74/81 MP: 21/23
  8051 | D:11     | Received a gift from Okawaru
  8065 | D:11     | Noticed a three-headed hydra
  8071 | D:11     | Killed a three-headed hydra
  8072 | D:11     | Received a gift from Okawaru
  8187 | D:11     | Found a staircase to the Lair.
  8926 | D:12     | Received a gift from Okawaru
  9003 | D:12     | Found the ring of the Octopus King
  9006 | D:12     | Noticed an orange crystal statue
  9036 | D:12     | Noticed a brown ugly thing
  9045 | D:12     | Killed a brown ugly thing
  9055 | D:12     | Noticed a deep elf pyromancer
  9060 | D:12     | Killed a deep elf pyromancer
  9230 | D:12     | Noticed a two-headed ogre
  9237 | D:12     | Killed a two-headed ogre
  9425 | D:12     | Noticed a skeletal warrior
  9425 | D:12     | Noticed a skeletal warrior
  9425 | D:12     | Noticed a skeletal warrior
  9425 | D:12     | Noticed a skeletal warrior
  9427 | D:12     | Noticed a skeletal warrior
  9580 | D:11     | Killed a skeletal warrior
  9581 | D:11     | Reached XP level 12. HP: 29/91 MP: 24/24
  9681 | Lair:1   | Entered Level 1 of the Lair of Beasts
  9828 | Lair:1   | Reached ***** piety under Okawaru
 10279 | Lair:1   | Noticed Nergalle
 10289 | Lair:1   | Killed Nergalle
 10543 | Lair:2   | Received a gift from Okawaru
 10754 | Lair:2   | Received a gift from Okawaru
 10754 | Lair:2   | Found the +8 autumn katana {manifold assault}
 10810 | Lair:2   | Noticed a four-headed hydra
 10821 | Lair:2   | Killed a four-headed hydra
 10936 | Lair:2   | Found a snail-covered altar of Cheibriados.
 11508 | Lair:2   | Found a staircase to the Swamp.
 11639 | Lair:3   | Noticed an 11-headed hydra
 11639 | Lair:3   | Found a runed translucent gate.
 11639 | Lair:3   | Found a runed translucent gate.
 11639 | Lair:3   | Found a runed translucent gate.
 11730 | Lair:3   | Identified the +6 ring mail "Ipeosuok" {Str+3} (Okawaru
                  | gifted it to you on level 3 of the Lair of Beasts)
 11730 | Lair:3   | Received a gift from Okawaru
 11731 | Lair:3   | Reached XP level 13. HP: 75/97 MP: 26/26
 11804 | Lair:3   | Reached skill level 10 in Summonings
 12047 | Lair:3   | Found a hole to the Spider Nest.
 12089 | Lair:3   | Reached skill level 10 in Spellcasting
 12391 | Lair:3   | Identified the amulet of Eheck {Reflect Will+ Regen+ Str+4
                  | Dex+3 SH+5}
 12400 | Lair:3   | Noticed a dire elephant
 12440 | Lair:3   | Killed a dire elephant
 12644 | Lair:3   | Noticed Beranek's ghost (journeyman GrFi)
 12793 | Lair:4   | Reached skill level 10 in Dodging
 12794 | Lair:4   | Identified the +5 ring mail "Suhatogu" {Dex+4} (Okawaru
                  | gifted it to you on level 4 of the Lair of Beasts)
 12794 | Lair:4   | Received a gift from Okawaru
 12944 | Lair:4   | Found a staircase to the Slime Pits.
 12989 | Lair:4   | Reached skill level 10 in Stealth
 13020 | Lair:4   | Reached XP level 14. HP: 102/108 MP: 28/28
 13092 | Lair:4   | Reached skill level 10 in Invocations
 13279 | Lair:4   | Got the Almanac of the Adder and Voltage
 13459 | Lair:5   | Entered Level 5 of the Lair of Beasts
 13508 | Lair:5   | Received a gift from Okawaru
 13657 | Lair:5   | Identified the +2 hat "Zapeigug" {Int-5 Dex+9} (Okawaru
                  | gifted it to you on level 5 of the Lair of Beasts)
 13657 | Lair:5   | Received a gift from Okawaru
 14595 | Lair:5   | Identified the amulet "Sihy" {Reflect rC+ SH+5}
 14727 | Lair:5   | Reached skill level 10 in Fighting
 14727 | Lair:5   | Reached skill level 10 in Short Blades
 14727 | Lair:5   | Reached skill level 10 in Long Blades
 14727 | Lair:5   | Reached skill level 10 in Axes
 14727 | Lair:5   | Reached skill level 10 in Maces & Flails
 14727 | Lair:5   | Reached skill level 10 in Polearms
 14727 | Lair:5   | Reached skill level 10 in Staves
 14727 | Lair:5   | Reached skill level 10 in Ranged Weapons
 14727 | Lair:5   | Reached skill level 10 in Throwing
 14727 | Lair:5   | Reached skill level 10 in Armour
 14727 | Lair:5   | Reached skill level 10 in Shields
 14727 | Lair:5   | Reached skill level 10 in Unarmed Combat
 14727 | Lair:5   | Reached skill level 10 in Evocations
 14828 | Lair:5   | Found a corrupted altar of Lugonu.
 14828 | Lair:5   | Found a one-way gate to the infinite horrors of the Abyss.
 14833 | Lair:5   | Identified the +2 robe "Wazamewk" {rCorr}
 15132 | Orc:1    | Entered Level 1 of the Orcish Mines
 15554 | Orc:2    | Entered Level 2 of the Orcish Mines
 15558 | Orc:2    | Reached XP level 15. HP: 115/115 MP: 30/30
 15829 | Orc:2    | Noticed Urug
 15839 | Orc:2    | Killed Urug
 15965 | Orc:2    | Found a staircase to the Elven Halls.
 16047 | Orc:2    | Paralysed by an orc sorcerer for 4 turns
 16470 | D:12     | Identified a ring of the Octopus King {Wiz HP+2 AC+2 EV+2
                  | SH+2}
 16528 | D:12     | Received a gift from Okawaru
 16528 | D:12     | Found the +5 scythe "Finisher" {speed, execute}
 16557 | D:13     | Slain by a white ugly thing

Illustrated notes

Levels and vault maps discovered:
D:1:      zaba_arrival_water, layout_loops_ring
D:2:      layout_loops_ring, dreamdust_princess_corridor,
          chequers_serial_rivers_small_3
D:3:      layout_basic, elyvilon_altar_1, ebering_ecumenical_altar_webs,
          serial_shops, nicolae_shop_advertising_works
          [nicolae_subvault_shop_adworks]
D:4:      layout_basic
D:5:      lemuel_ice_spiral_2, layout_rooms, amcnicky_mini_pool_small,
          minmay_misc_feat_plants, uniq_duvessa
D:6:      layout_basic, minmay_temple_entry_crystal_x, serial_shops, shop,
          nicolae_shop_self_help
D:7:      layout_loops_corners, uniq_menkaure
D:8:      layout_gridville, uniq_grum
D:9:      layout_rooms, mainiacjoe_overflow_boulevard,
          mainiacjoe_overflow_swirl, ebering_ghost_inner_flame, uniq_maurice
D:10:     layout_loops_cross, orc_0_dummy
D:11:     layout_loops_corners, lair_entry_dummy, hangedman_ranch
D:12:     layout_irregular_city, minmay_door_square, minmay_protected_statue
D:13:     layout_cave_pools
Temple:   mainiacjoe_temple_bowtie_tessellation
Lair:1:   layout_hall_layers, uniq_nergalle
Lair:2:   layout_regular_city, skrybe_swamp_entry_bodies,
          kennysheep_snail_temple
Lair:3:   mu_elephants_graveyard, layout_gridlike,
          nicolae_spider_entry_non_spiders, gammafunk_ghost_hydra_chop
Lair:4:   cheibrodos_lair_river_kwai, layout_misc_corridors, slime_entry_1
Lair:5:   hellmonk_lair_end_abyssal_woods, layout_regular_city,
          serial_bayou_shore_a, grunt_megastairs_1
Orc:1:    layout_caves
Orc:2:    st_orc_congregation, layout_caves, uniq_urug

Skill      XL: |  1  2  3  4  5  6  7  8  9 10 11 12 13 14 15 |
---------------+----------------------------------------------+-----
Spellcasting   | 5 6 7 8 9 10 11 | 11.3
Invocations    | 1 2 3 4 5 6 7 8 9 10 11 | 11.1
Fighting       | 1 2 3 5 6 7 8 9 10 | 10.2
Short Blades   | 1 2 3 5 6 7 8 9 10 | 10.2
Long Blades    | 1 2 3 5 6 7 8 9 10 | 10.2
Axes           | 1 2 3 5 6 7 8 9 10 | 10.2
Maces & Flails | 1 2 3 5 6 7 8 9 10 | 10.2
Polearms       | 1 2 3 5 6 7 8 9 10 | 10.2
Staves         | 1 2 3 5 6 7 8 9 10 | 10.2
Ranged Weapons | 1 2 3 5 6 7 8 9 10 | 10.2
Throwing       | 1 2 3 5 6 7 8 9 10 | 10.2
Armour         | 1 2 3 5 6 7 8 9 10 | 10.2
Shields        | 1 2 3 5 6 7 8 9 10 | 10.2
Unarmed Combat | 1 2 3 5 6 7 8 9 10 | 10.2
Evocations     | 1 2 3 5 6 7 8 9 10 | 10.2
Conjurations   | 1 2 3 4 5 6 7 8 |  8.5
Hexes          | 1 2 3 4 5 6 7 8 |  8.5
Necromancy     | 1 2 3 4 5 6 7 8 |  8.5
Translocations | 1 2 3 4 5 6 7 8 |  8.5
Transmutations | 1 2 3 4 5 6 7 8 |  8.5
Fire Magic     | 1 2 3 4 5 6 7 8 |  8.5
Ice Magic      | 1 2 3 4 5 6 7 8 |  8.5
Air Magic      | 1 2 3 4 5 6 7 8 |  8.5
Earth Magic    | 1 2 3 4 5 6 7 8 |  8.5
Poison Magic   | 1 2 3 4 5 6 7 8 |  8.5
Dodging        | 5 6 7 8 9 10 11 | 11.2
Stealth        | 5 6 7 8 9 10 11 | 11.0
Summonings     | 8 9 10 11 | 11.1

Action                     |  1- 3 |  4- 6 |  7- 9 | 10-12 | 13-15 || total
---------------------------+-------+-------+-------+-------+-------++-------
  Melee: Unarmed           |    12 |       |    23 |       |       ||    35
         Mace              |    45 |       |       |       |       ||    45
         Bite              |     3 |    13 |    11 |    57 |   114 ||   198
         Short sword       |    14 |   121 |       |       |       ||   135
         Punch             |       |     1 |     1 |       |       ||     2
         Great mace        |       |     9 |   114 |   384 |   641 ||  1148
   Cast: Summon Small Mamm |     8 |     9 |       |       |       ||    17
         Call Canine Famil |     3 |    14 |       |       |       ||    17
 Invoke: Heroism           |       |       |     4 |    17 |    12 ||    33
         Finesse           |       |       |       |       |     4 ||     4
  Evoke: Wand              |       |       |    15 |     5 |     2 ||    22
    Use: Scroll            |     6 |     8 |     7 |    10 |     4 ||    35
         Potion            |     3 |     2 |     4 |       |     2 ||    11
   Stab: Sleeping          |     7 |     7 |     9 |    22 |     8 ||    53
         Distracted        |       |     1 |       |     1 |     4 ||     6
         Invisible         |       |       |     1 |       |       ||     1
 Armour: Robe              |    14 |    14 |    21 |    22 |       ||    71
         Acid dragon scale |       |       |       |   170 |     5 ||   175
         Ring mail         |       |       |       |       |   264 ||   264
  Dodge: Dodged            |    63 |    83 |   124 |   452 |   760 ||  1482
  Block: Other             |       |       |       |       |   149 ||   149
         Reflection        |       |       |       |       |     1 ||     1
